 Dungeon Crawl Stone Soup version 0.27.1-37-g7b29ead8ac (console) character file.

Game seed: 2885508539721908860

177 grimtooth the Chopper (level 5, -1/43 HPs)
             Began as a Palentonga Abyssal Knight on May 8, 2023.
             Was a Believer of Lugonu.
             Slain by Ijyb (2 damage)
             ... on level 3 of the Dungeon.
             The game lasted 00:09:22 (3192 turns).

grimtooth the Chopper (Palentonga Abyssal Knight)   Turns: 3192, Time: 00:09:22

Health: -1/43      AC:  7    Str: 17    XL:     5   Next: 31%
Magic:  6/6        EV:  9    Int: 12    God:    Lugonu [**....]
Gold:   129        SH:  0    Dex:  7    Spells: 4/4 levels left

rFire    . . .     SeeInvis +   a - +1 hand axe
rCold    + . .     Faith    .   (no shield)
rNeg     . . .     Spirit   .   g - +2 leather armour {rC+}
rPois    .         Reflect  .   (no helmet)
rElec    .         Harm     .   e - +0 cloak
rCorr    .         Rampage  .   (no gloves)
Will     .....                  (no barding)
Stlth    +.........             k - amulet of the acrobat
HPRegen  0.14/turn              (no ring)
MPRegen  0.10/turn              (no ring)

@: mighty, attractive
A: large, rugged brown scales 3, see invisible, deformed body, roll 1, armoured
tail, clumsy 1
a: Rolling Charge, Renounce Religion, Depart the Abyss, Bend Space


You were on level 3 of the Dungeon.
You worshipped Lugonu.
Lugonu was pleased with you.
You visited 1 branch of the dungeon, and saw 3 of its levels.
You visited the Abyss 1 time.

You collected 129 gold pieces.

Inventory:

Hand Weapons
 a - a +1 hand axe (weapon)
Missiles
 d - 28 stones (quivered)
Armour
 b - a +0 leather armour
 e - a +0 cloak (worn)
 g - a +2 leather armour of cold resistance (worn)
Jewellery
 k - an amulet of the acrobat (around neck)
Scrolls
 l - a scroll of vulnerability {unknown}
Potions
 c - a potion of attraction
 f - a potion of might
 i - a potion of mutation
 j - a potion of lignification {unknown}


   Skills:
 - Level 3.0 Fighting
 * Level 5.6 Axes
 - Level 1.5 Armour
 - Level 0.7 Dodging
 - Level 2.0 Invocations


You had 4 spell levels left.
You didn't know any spells.
Your spell library was empty.

Dungeon Overview and Level Annotations

Branches:
Dungeon (3/15)

Altars:

Annotations:
D:3 Ijyb


Innate Abilities, Weirdness & Mutations

You are completely covered in rugged brown scales. (AC +3, +7% HP)
You have supernaturally acute eyesight. (SInv)
Armour fits poorly on your strangely shaped body.
You can roll at nearby foes to attack.
You have a long armoured tail.
You are clumsy. (Dex -2)


Message History

Found 12 gold pieces.
There is an open door here.
You now have 129 gold pieces (gained 12).
You open the door.
Found a stone staircase leading down.
There is an open door here.
There is a stone staircase leading down here.
You hear the rusting of a very distant drain.
You open the door.
Found a robe.
There is an open door here.
You open the door.
There is an open door here.
You open the door.
Found a mace.
Ijyb the Twisted Goblin comes into view.
She is wielding a +0 club and carrying a wand of mindburst (19).
Ijyb shouts!
There is an open door here.
You barely miss Ijyb. Ijyb closely misses you.
You closely miss Ijyb. Ijyb hits you with a +0 club.
You closely miss Ijyb. Ijyb hits you but does no damage.
You hit Ijyb.
Ijyb is lightly wounded.
Ijyb zaps a wand.
Your mind is blasted!
Ouch! That really hurt!
* * * LOW HITPOINT WARNING * * *
Ijyb zaps a wand.
You barely resist.
Unknown command.
You feel better.
Ijyb zaps a wand.
Your mind is blasted!
* * * LOW HITPOINT WARNING * * *
It was a potion of attraction.
You feel attractive to monsters. Ijyb hits you but does no damage.
It was a potion of mutation.
You feel extremely strange.
You feel clumsy.
Ijyb zaps a wand.
You barely resist.
It was a potion of might.
You feel very mighty all of a sudden. Ijyb hits you with a +0 club.
You die...

## .. ## ### #.#.[..
..# #.#... ## ..#
#.... .. # ..#
####...# .# #.# ..#
#..+...# #.#...# ..+
#.##...# .)..#
..#####.##...####g..#
.........'...'..@...+
........##...####...#
..#...######## ####
..#.#.# ........ #
.##..#..# .##
##..###..# ..# ##..#
..# #.# #.# #.# #
##.#####


You could see Ijyb.

Vanquished Creatures
  Natasha (thrice) (D:2)
  A howler monkey skeleton (D:3)
  4 adders
  A gnoll (D:1)
  2 dart slugs (D:2)
  5 endoplasms
  A giant cockroach (D:1)
  3 goblins
  5 hobgoblins
  5 kobolds
  A quokka (D:1)
  4 ball pythons
  5 bats
  4 frilled lizards
  5 rats
49 creatures vanquished.

Notes
Turn   | Place    | Note
-------+----------+-------------------------------------------
     0 | Abyss:1  | grimtooth the Palentonga Abyssal Knight began the quest for
                  | the Orb.
     0 | Abyss:1  | Reached XP level 1. HP: 19/19 MP: 2/2
     5 | Abyss:1  | Found a corrupted altar of Lugonu.
    81 | Abyss:1  | Found a corrupted altar of Lugonu.
    81 | Abyss:1  | Found a corrupted altar of Lugonu.
   115 | D:1      | Escaped the Abyss
   588 | D:1      | Reached XP level 2. HP: 12/25 MP: 3/3
   952 | D:1      | Reached skill level 3 in Axes
  1793 | D:2      | Reached XP level 3. HP: 31/31 MP: 4/4
  1892 | D:2      | Noticed Natasha
  1893 | D:2      | Reached ** piety under Lugonu
  1895 | D:2      | Killed Natasha
  1896 | D:2      | Reached skill level 4 in Axes
  1918 | D:2      | Reached XP level 4. HP: 24/37 MP: 5/5
  2699 | D:2      | Noticed Natasha
  2710 | D:2      | Killed Natasha
  2711 | D:2      | Reached skill level 5 in Axes
  2915 | D:2      | Noticed Natasha
  2921 | D:2      | Killed Natasha
  2922 | D:2      | Reached XP level 5. HP: 36/43 MP: 6/6
  3048 | D:3      | Found a faded altar of an unknown god.
  3184 | D:3      | Noticed Ijyb
  3189 | D:3      | HP: 1/43 [disintegration (15)]
  3191 | D:3      | Gained mutation: You are clumsy. (Dex -2) [potion of
                  | mutation]
  3192 | D:3      | Slain by Ijyb

Illustrated notes

Levels and vault maps discovered:
D:1:      dpeg_arrival_simpleton_b, layout_basic, minmay_pentomino_t2
D:2:      minmay_evil_eye, layout_loops_ring, minmay_misc_feat_four_crosses,
          uniq_natasha
D:3:      layout_basic, gammafunk_temple_overflow_claw,
          hellmonk_ecumenical_altar_inner_sanctum, gup_sewer_entry_bowl,
          uniq_crazy_yiuf_cottage, uniq_ijyb

Skill      XL: |  1  2  3  4 |
---------------+-------------+-----
Axes           | 3 4 5 |  5.6
Fighting       | |  3.0
Armour         | |  1.5
Dodging        | |  0.7
Invocations    | |  2.0

Action                   |  1- 3 |  4- 6 || total
-------------------------+-------+-------++-------
Melee: Hand axe          |    87 |    75 ||   162
       Tailslap          |     6 |     7 ||    13
Throw: Stone             |    13 |    15 ||    28
 Abil: Rolling Charge    |    21 |    12 ||    33
  Use: Potion            |     1 |     4 ||     5
Armor: Leather armour    |    14 |    22 ||    36
Dodge: Dodged            |    32 |    30 ||    62
